 Seeded DCSS version 0.30.0-3-ga4e48a9924 (webtiles) character file.

Game seed: 1779060243905392848 (custom seed)

78 hikkokomori the Trooper (level 4, -19/48 HPs)
             Began as an Ogre Warper on May 7, 2023.
             Demolished by an ogre
             ... wielding a +0 giant spiked club
              (21 damage)
             ... on level 4 of the Dungeon.
             The game lasted 00:06:09 (2610 turns).

hikkokomori the Trooper (Ogre Warper)               Turns: 2610, Time: 00:06:10

Health: -19/48     AC:  3    Str: 17    XL:     4   Next: 36%
Magic:  7/7        EV:  9    Int: 14    God:
Gold:   153        SH:  0    Dex:  8    Spells: 2/7 levels left

rFire   . . .        a - +0 mace
rCold   . . .        (no shield)
rNeg    . . .        b - +0 robe
rPois   .            (helmet restricted)
rElec   .            (no cloak)
rCorr   .            (gloves unavailable)
SInv    +            (boots unavailable)
Will    .....        (no amulet)
Stlth   +            j - ring of see invisible
HPRegen 0.28/turn    (no ring)
MPRegen 0.10/turn

%: no passive effects
@: no status effects
A: large, unfitting armour, tough skin 1
a: no special abilities


You were on level 4 of the Dungeon.
You visited 1 branch of the dungeon, and saw 4 of its levels.

You collected 153 gold pieces.

Inventory:

Hand Weapons
 a - a +0 mace (weapon)
 p - a +2 vampiric spear
Missiles
 d - 4 boomerangs of dispersal (quivered)
Armour
 b - a +0 robe (worn)
 e - an orb of mayhem
 l - a +0 chain mail
Jewellery
 j - a ring of see invisible (left hand)
Scrolls
 c - a scroll of blinking
 g - a scroll of teleportation
 h - a scroll of enchant weapon {unknown}
 k - a scroll of immolation {unknown}
 m - a scroll of silence
 r - a scroll of fear {unknown}
 u - a scroll of torment {unknown}
 v - a scroll of amnesia {unknown}
Potions
 f - a potion of attraction {unknown}
 i - 3 potions of flight
 n - a potion of curing
 o - 2 potions of heal wounds
 q - 2 potions of cancellation
 s - a potion of berserk rage {unknown}
 t - 2 potions of brilliance {unknown}


   Skills:
 + Level 4.0 Fighting
 + Level 2.7 Maces & Flails
 - Level 1.0 Throwing
 - Level 2.1 Dodging
 - Level 2.4 Spellcasting
 + Level 3.4 Translocations


You had 2 spell levels left.
You knew the following spells:

 Your Spells              Type           Power      Damage    Failure   Level
a - Blink                 Tloc           22%        N/A       9%          2
b - Teleport Other        Tloc           11%        N/A       17%         3

Your spell library contained the following spells:

 Spells                   Type           Power      Damage    Failure   Level
 Lesser Beckoning         Tloc           22%        N/A       9%          2
 Shock                    Conj/Air       4%         1d3       22%         1
 Vhi's Electric Charge    Tloc/Air       12%        N/A       32%         3
 Manifold Assault         Tloc           11%        N/A       50%         4
 Swiftness                Air            1%         N/A       56%         3
 Airstrike                Air            0%         2d(1-17)  92%         4


Dungeon Overview and Level Annotations

Branches:
Dungeon (4/15)
 Temple: D:4-7

Altars:
Elyvilon
Hepliaklqana
Nemelex Xobeh

Shops:
D:3 [


Innate Abilities, Weirdness & Mutations

You are too large for most types of armour.
You have tough skin. (AC +1)


Message History

You climb downwards.
There is a stone staircase leading up, spattered with blood here.
You climb upwards.
There is a stone staircase leading down, spattered with blood here.
As you read the scroll labelled KUSOGU ZAAWOCA, it crumbles to dust.
You feel strangely unstable.
It was a scroll of teleportation.
You climb downwards.
The ice beast closely misses you. The ice beast hits you.
The ice beast freezes you!
There is a stone staircase leading up, spattered with blood here.
You hit the ice beast.
The ice beast is moderately wounded.
The ice beast hits you. The ice beast freezes you.
You hit the ice beast.
The ice beast is moderately wounded.
Your surroundings suddenly seem different.
A hobgoblin comes into view.
Found 15 gold pieces.
The hobgoblin shouts!
You hear a shout!
An ogre comes into view. It is wielding a +0 giant spiked club.
You hit the hobgoblin.
You kill the hobgoblin!
You see here a hobgoblin corpse.
Press: ? - help, v - describe, . - travel
Here: an ogre, wielding a +0 giant spiked club The floor.
Unknown command.
Unknown command.
You hit the ogre but do no damage. The ogre closely misses you.
You barely miss the ogre. The ogre barely misses you.
You barely miss the ogre.
The ogre hits you with a +0 giant spiked club!!
Ouch! That really hurt!
* * * LOW HITPOINT WARNING * * *
Throw: 5 boomerangs (disperse)
Press: ? - help, Shift-Dir - straight line, f - ogre
Aim: an ogre, wielding a +0 giant spiked club (72% to hit)
You throw a boomerang of dispersal.
The boomerang of dispersal hits the ogre and shatters, but does no damage.
The ogre hits you with a +0 giant spiked club!!
You die...

##########
#........#
#$.......##.#
#...@.......#
#..O......###
#..####..##
#.. #..# #.
#...# ##
###.# .. ..


You could see an ogre.

Vanquished Creatures
  3 adders
  2 orcs
  3 bats
  5 endoplasms
  7 hobgoblins
  4 ball pythons
  5 frilled lizards
  6 goblins
  8 kobolds
  6 rats
49 creatures vanquished.

Notes
Turn   | Place    | Note
-------+----------+-------------------------------------------
     0 | D:1      | hikkokomori the Ogre Warper began the quest for the Orb.
     0 | D:1      | Reached XP level 1. HP: 22/22 MP: 3/3
   308 | D:1      | Reached skill level 3 in Fighting
   308 | D:1      | Reached XP level 2. HP: 21/31 MP: 5/5
   781 | D:2      | Learned a level 2 spell: Blink
  1141 | D:2      | Reached XP level 3. HP: 35/37 MP: 6/6
  1372 | D:2      | Found a faded altar of an unknown god.
  1731 | D:3      | Found a white marble altar of Elyvilon.
  1960 | D:3      | Found Maeh's Antique Armour Boutique.
  2124 | D:3      | Found a hazy altar of Hepliaklqana.
  2128 | D:3      | Found a sparkling altar of Nemelex Xobeh.
  2139 | D:3      | Learned a level 3 spell: Teleport Other
  2190 | D:3      | Reached XP level 4. HP: 13/48 MP: 7/7
  2387 | D:4      | Reached skill level 4 in Fighting
  2423 | D:4      | Noticed an ice beast
  2604 | D:4      | Noticed an ogre
  2609 | D:4      | HP: 1/48 [ogre/+0 giant spiked club (32)]
  2610 | D:4      | Demolished by an ogre

Illustrated notes

Levels and vault maps discovered:
D:1:      minmay_arrival_jagged, layout_loops_ring
D:2:      layout_loops_ring, basic_ecumenical_altar, minmay_pentomino_q2
D:3:      layout_basic, minitemple, serial_shops, shop_statue,
          minmay_randomly_rotated_circles
D:4:      layout_rooms, mainiacjoe_overflow_alcove_1,
          nicolae_tso_swordbearing_angel, serial_shops, shop,
          grunt_decor_one_mirror

Skill      XL: |  1  2  3  4 |
---------------+-------------+-----
Fighting       | 3 4 |  4.0
Maces & Flails | 2 |  2.7
Translocations | 3 |  3.4
Throwing       | |  1.0
Dodging        | |  2.1
Spellcasting   | |  2.4

Action                     |  1- 3 |  4- 6 || total
---------------------------+-------+-------++-------
  Melee: Mace              |   137 |    29 ||   166
  Throw: Boomerang         |       |     3 ||     3
    Use: Scroll            |     5 |     1 ||     6
   Stab: Sleeping          |     2 |       ||     2
 Armour: Robe              |    52 |     9 ||    61
  Dodge: Dodged            |    82 |    13 ||    95
